 Dungeon Crawl Stone Soup version 0.15-a0-1081-gb32516e (webtiles) character file.

21 Quh the Magician (level 2, 0/19 HPs)
             Began as a Demonspawn Wizard on May 28, 2014.
             Slain by an adder (3 damage)
             ... on Level 1 of the Dungeon.
             The game lasted 00:02:53 (1058 turns).

Quh the Magician (Demonspawn Wizard)                Turns: 1058, Time: 00:02:53

HP   0/19        AC  3     Str  7      XL: 2   Next: 62%
MP   2/6         EV 12     Int 19      God:
Gold 32          SH  0     Dex 11      Spells:  1 memorised,  6 levels left

rFire  . . .     SeeInvis .     e - +0 dagger
rCold  . . .     Clarity  .     a - +0 robe
rNeg   . . .     Conserve .     (no shield)
rPois  .         rCorr    .     b - +0 hat
rElec  .         rRot     .     (no cloak)
SustAb .         Spirit   .     (no gloves)
rMut   .         Warding  .     g - +0 pair of boots
Gourm  .         Stasis   .     (no amulet)
MR     .....                    (no ring)
                                (no ring)

@: lethally poisoned, flying, not resistant to hostile enchantments, unstealthy
A: antennae 1
a: no special abilities


You were on level 1 of the Dungeon.
You were not hungry.

You visited 1 branch of the dungeon, and saw 1 of its levels.

You collected 32 gold pieces.

Inventory:

Hand weapons
 e - a +0,+0 dagger (weapon)
Armour
 a - a +0 robe (worn)
 b - a +0 hat (worn)
 g - a +0 pair of boots (worn)
 m - a +0 helmet
Comestibles
 d - a bread ration
 f - a beef jerky
Scrolls
 i - a scroll of amnesia {unknown}
 j - 3 scrolls of identify {unknown}
 k - a scroll of noise {unknown}
 o - a scroll of teleportation {unknown}
Potions
 h - 2 potions of flight
 l - a potion of restore abilities {unknown}
 n - a potion of paralysis {unknown}
Books
 c - a book of Minor Magic

   Spells                             Type                      Level
   *Magic Dart                        Conjuration                  1
   Blink                              Translocation                2
   Call Imp                           Summoning                    2
   Repel Missiles                     Charms/Air                   2
   Slow                               Hexes                        2
   Conjure Flame                      Conjuration/Fire             3
   Mephitic Cloud                     Conjuration/Poison/Air       3


   Skills:
 - Level 1.7 Dodging
 * Level 2.1 Stealth
 + Level 3.1 Spellcasting
 * Level 2.1 Conjurations
   Level 1.0 Summonings
   Level 0.8 Translocations


You had 6 spell levels left.
You knew the following spells:

 Your Spells              Type           Power        Failure   Level  Hunger
a - Magic Dart            Conj           ##..         10%         1    None


Dungeon Overview and Level Annotations

Branches:
Dungeon (1/15)

Altars:


Innate Abilities, Weirdness & Mutations

You have a pair of small antennae on your head.


Message History

Press: ? - help, Shift-Dir - straight line, f/p - adder
Aim: an adder (heavily wounded)
The magic dart hits the adder.
The adder is heavily wounded.
The adder bites you.
* * * LOW HITPOINT WARNING * * *
You are lethally poisoned!
The adder poisons you!
* * * LOW HITPOINT WARNING * * *
You feel sick. The adder barely misses you.
Drink which item? (? for menu, Esc to quit)
You feel very buoyant.
You fly up into the air.
It was a potion of flight.
* * * LOW HITPOINT WARNING * * *
You feel sick. The adder bites you but does no damage.
You hit the adder.
The adder is severely wounded.
The adder bites you.
You die...

#.# #.########## #.#.#.#.##
#.# #......#...######.#.....##
#.# #..###.................###
#.#####..#
###...######.####.###
#........# ##.## #.###..%##
##.#.###.# #.# #.........
#.#.###.# #.# #####...##
###.#..##.# #S# ##.##
....##.##.# #@# #.#
###.##%##.# #.# #.# #.##.##.#
##.## #.# #.#...#.# ##.#.##
#.# #.#...#.# ##.###.#######
#.# #.......# #.## ##......##
#.##
#####.#####..###.####...###..#
#.# #Z#.#.#........).....#
####
#.########.######...###..#


You could see an adder.

Vanquished Creatures
  A giant gecko (D:1)
  2 bats (D:1)
  3 goblins (D:1)
  2 hobgoblins (D:1)
  3 kobolds (D:1)
  4 giant newts (D:1)
  6 rats (D:1)
21 creatures vanquished.

Notes
Turn   | Place    | Note
--------------------------------------------------------------
     0 | D:1      | Quh, the Demonspawn Wizard, began the quest for the Orb.
     0 | D:1      | Reached XP level 1. HP: 13/13 MP: 4/4
     0 | D:1      | Noticed a troll zombie
     0 | D:1      | Noticed a merfolk zombie
     3 | D:1      | Noticed a draconian zombie
     5 | D:1      | Noticed a human zombie
     7 | D:1      | Noticed a human zombie
    10 | D:1      | Noticed a troll zombie
    13 | D:1      | Noticed a centaur zombie
    14 | D:1      | Noticed a centaur zombie
    16 | D:1      | Noticed a troll zombie
    18 | D:1      | Noticed a merfolk zombie
    19 | D:1      | Noticed a draconian zombie
   203 | D:1      | Gained mutation: You have a pair of small antennae on your head. [demonic ancestry]
   203 | D:1      | Reached XP level 2. HP: 4/19 MP: 0/6
  1058 | D:1      | Slain by an adder

Action                   || total
-------------------------++-------
Melee: Dagger            ||    18
 Cast: Magic Dart        ||    35
  Use: Potion            ||     1
